 Dungeon Crawl Stone Soup version 0.18-a0-731-ga019a5f (webtiles) character file.

2624 4thArraOfDagon the Cleaver (level 9, -4/82 HPs)
             Began as a Deep Dwarf Berserker on Dec 9, 2015.
             Was a Follower of Trog.
             Killed from afar by a deep elf mage (18 damage)
             ... with a shard of ice
             ... on level 9 of the Dungeon.
             The game lasted 00:09:41 (1475 turns).

4thArraOfDagon the Cleaver (Deep Dwarf Berserker)   Turns: 1475, Time: 00:09:42

Health: -4/82      AC:  7    Str: 21    XL:     9   Next: 34%
Magic:  14/14      EV: 11    Int: 11    God:    Trog [*.....]
Gold:   160        SH:  0    Dex: 14    Spells: 0 memorised, 8 levels left

rFire  . . .     SeeInvis +     u - +1 battleaxe
rCold  . . .     Clarity  .     g - +0 ring mail (curse)
rNeg   . . .     SustAt   .     (shield currently unavailable)
rPois  .         Gourm    .     (no helmet)
rElec  .         Spirit   .     (no cloak)
rCorr  .         Dismiss  .     l - +0 pair of gloves
rMut   .         Stasis   .     (no boots)
MR     +....                    (no amulet)
Stlth  +.........               i - ring of see invisible
                                r - +2 ring of dexterity

@: non-regenerating, slowed, very slow, somewhat resistant to hostile
enchantments, very unstealthy
A: damage resistance, recharge devices, sense surroundings 2, slow regeneration
3
a: Device Recharging, Berserk, Burn Spellbooks, Renounce Religion


You were on level 9 of the Dungeon.
You worshipped Trog.
Trog was aware of your devotion.
You were not hungry.

You visited 1 branch of the dungeon, and saw 10 of its levels.

You collected 160 gold pieces.

Inventory:

Hand Weapons
 u - a +1 battleaxe (weapon)
Armour
 g - a cursed +0 ring mail (worn)
 l - a +0 pair of gloves (worn)
 v - a +0 plate armour
Jewellery
 e - an uncursed ring of flight
 i - a ring of see invisible (right hand)
 r - a +2 ring of dexterity (left hand)
Wands
 a - a wand of draining (1)
 c - a wand of heal wounds (7)
 h - a wand of polymorph (4)
 k - a wand of slowing (28)
 w - a wand of magic darts (35)
Scrolls
 f - a scroll of fog
Potions
 j - 3 potions of brilliance {unknown}
 n - a potion of flight {unknown}
 o - a potion of cancellation {unknown}
 q - a potion of berserk rage
 s - 2 potions of ambrosia
Comestibles
 b - a meat ration
 d - 2 bread rations


   Skills:
 + Level 5.9 Fighting
 * Level 9.5 Axes
 + Level 6.7 Armour
 - Level 2.1 Dodging
 + Level 7.1 Evocations


You had 8 spell levels left.
You didn't know any spells.

Dungeon Overview and Level Annotations

Branches:
Dungeon (10/15)
 Temple: D:4-7         Lair: D:8-11         Orc: D:9-12

Altars:
Elyvilon
Beogh

Annotations:
D:10 Josephine


Innate Abilities, Weirdness & Mutations

You are resistant to damage.
You can recharge devices by infusing magical energy.
You passively map the area around you.
You do not regenerate naturally.


Message History

You are frozen.
The ice beast hits you but does no damage.
The deep elf mage casts a spell at you. The shard of ice hits you!
You miss the deep elf mage.
The deep elf mage is moderately wounded.
You hit the ice beast but do no damage.
The ice beast is lightly wounded.
The ice beast hits you.
* * * LOW HITPOINT WARNING * * *
The ice beast freezes you.
* * * LOW HITPOINT WARNING * * *
The deep elf mage gestures wildly while chanting.
The ice beast hits you.
* * * LOW HITPOINT WARNING * * *
The ice beast freezes you.
* * * LOW HITPOINT WARNING * * *
The deep elf mage casts a spell at you. The shard of ice hits you!
You die...

########################**
* ..............>.@eY.....
, , ,
#..#..#......##YY#......,
, ...#..#..........# .....
* .................#,
#..#,, *
..###..............., .. ,
, ..# ####...########. . *
< ..# #.#.#, , , ,, ,
#.#.. #.#.# , * * ..#.#
#...+ ** , , *


You could see 3 ice beasts and a deep elf mage.

Vanquished Creatures
  4 wraiths
  Grum (D:8)
  3 wolves (D:8)
  A black bear (D:8)
  A wasp (D:9)
  3 orc warriors (D:7)
  A water moccasin (D:8)
  2 ogres (D:9)
  A sky beast (D:7)
  A centaur (D:5)
  A giant frog (D:7)
  A crimson imp (D:7)
  3 killer bees (D:9)
  2 hounds
  An orc priest (D:6)
  6 orc wizards
  2 worker ants (D:9)
  A killer bee zombie (D:9)
  A hound skeleton (D:4)
  4 gnolls (D:6)
  An adder (D:7)
  A shadow imp (D:9)
  2 giant geckos
  30 orcs
  A bat (D:3)
  A giant cockroach (D:4)
  A goblin (D:3)
  5 jackals
  A quokka skeleton (D:5)
83 creatures vanquished.

Notes
Turn   | Place    | Note
--------------------------------------------------------------
     0 | D:1      | 4thArraOfDagon the Deep Dwarf Berserker began the quest for the Orb.
     0 | D:1      | Reached XP level 1. HP: 20/20 MP: 1/1
   261 | D:4      | Noticed a hound
   267 | D:4      | Killed a hound
   267 | D:4      | Reached skill level 4 in Axes
   267 | D:4      | Reached skill level 1 in Evocations
   267 | D:4      | Reached XP level 2. HP: 27/27 MP: 1/3
   267 | D:4      | Reached XP level 3. HP: 33/33 MP: 1/4
   377 | D:4      | You fall through a shaft!
   377 | D:5      | Entered Level 5 of the Dungeon
   379 | D:5      | Noticed a centaur
   385 | D:5      | Killed a centaur
   385 | D:5      | Reached XP level 4. HP: 34/42 MP: 5/5
   391 | D:5      | Reached XP level 5. HP: 39/49 MP: 5/7
   413 | D:5      | Reached ** piety under Trog
   413 | D:5      | Reached skill level 5 in Axes
   571 | D:6      | Reached XP level 6. HP: 44/57 MP: 8/8
   644 | D:7      | Found a runed door.
   743 | D:7      | Reached skill level 6 in Axes
   743 | D:7      | Reached XP level 7. HP: 35/64 MP: 9/9
   802 | D:7      | Reached skill level 7 in Axes
   832 | D:7      | Reached skill level 5 in Armour
   866 | D:7      | Found a roughly hewn altar of Beogh.
   911 | D:8      | Reached XP level 8. HP: 73/73 MP: 11/11
   926 | D:8      | Found a white marble altar of Elyvilon.
  1033 | D:8      | Noticed Grum
  1040 | D:8      | Killed Grum
  1040 | D:8      | Reached skill level 5 in Evocations
  1045 | D:8      | Reached skill level 5 in Fighting
  1045 | D:8      | Reached skill level 8 in Axes
  1166 | D:10     | Entered Level 10 of the Dungeon
  1166 | D:10     | Noticed Josephine
  1291 | D:9      | Gained mutation: You passively map the area around you. [Deep Dwarf growth]
  1291 | D:9      | Reached XP level 9. HP: 34/81 MP: 13/13
  1411 | D:10     | Reached skill level 9 in Axes
  1475 | D:9      | Killed from afar by a deep elf mage

Vault maps used:
D:1:      lightli_iron_boxes
D:2:      nicolae_qazlal_style_of_elements, first_bread, uniq_robin, uniq_iyjb
D:3:      kennysheep_nondescript
D:4:      grunt_temple_overflow_opulence
D:5:      minmay_misc_feat_tiny, kennysheep_donut, roderic_batcave
D:6:      minitemple
D:7:      minmay_temple_entry_from_below_a, basic_altar, lightli_church_of_beogh
D:8:      elyvilon_altar_4, uniq_grum
D:9:      minmay_misc_feat_enclosed, the_bakery, uniq_maurice
D:10:     boulder_corridor_run, grunt_decor_clamped, minmay_joined_circles,
          uniq_josephine

Action                   |  1- 3 |  4- 6 |  7- 9 || total
-------------------------+-------+-------+-------++-------
Melee: Hand axe          |    44 |   114 |    49 ||   207
       Battleaxe         |       |       |    64 ||    64
Invok: Berserk           |     2 |     3 |     5 ||    10
       Trog's Hand       |       |     4 |    15 ||    19
Evoke: Wand              |     1 |       |     5 ||     6
  Use: Potion            |       |     3 |       ||     3
       Scroll            |       |       |     7 ||     7
  Eat: Chunk             |       |     4 |     9 ||    13
       Fruit             |       |       |     3 ||     3
